 Dungeon Crawl Stone Soup version 0.31.0-9-g3a7656b989 (webtiles) character file.

Game seed: 3861569772841517683

329 qw the Shooter (level 6, -3/30 HPs)
             Began as a Spriggan Hunter on Feb 2, 2024.
             Was an Initiate of Okawaru.
             Slain by a yak (7 damage)
             ... on level 5 of the Dungeon.
             The game lasted 00:00:12 (3509 turns).

qw the Shooter (Spriggan Hunter)                    Turns: 3509, Time: 00:00:13

Health: -3/30      AC:  4    Str:  7    XL:     6   Next: 25%
Magic:  7/7        EV: 21    Int: 10    God:    Okawaru [......]
Gold:   211        SH:  0    Dex: 21    Spells: 5/5 levels left

rFire   . . .        a - +5 shortbow
rCold   . . .        (shield currently unavailable)
rNeg    . . .        c - +0 robe
rPois   .            g - +2 hat
rElec   .            (no cloak)
rCorr   .            (gloves unavailable)
SInv    +            (boots unavailable)
Will    ++...        (no amulet)
Stlth   ++           e - ring of willpower
HPRegen 0.25/turn    (no ring)
MPRegen 0.10/turn

%: no passive effects
@: about to teleport, very quick
A: very small, no large weapons, unfitting armour, see invisible, speed 3
a: Renounce Religion


You were on level 5 of the Dungeon.
You worshipped Okawaru.
Okawaru was noncommittal.
You visited 2 branches of the dungeon, and saw 6 of its levels.

You collected 211 gold pieces.


Innate Abilities, Weirdness & Mutations

You are very small and have problems with some larger weapons.
You are too small for most types of armour.
You have supernaturally acute eyesight. (SInv)
You cover ground extremely quickly. (Speed+++)


   Skills:
 - Level 2.0 Fighting
 + Level 6.1 Ranged Weapons
 - Level 6.0 Dodging
 - Level 1.5 Stealth


You had 5 spell levels left.
You didn't know any spells.
Your spell library was empty.

Inventory:

Hand Weapons
 a - a +5 shortbow (weapon)
Armour
 c - a +0 robe (worn)
 g - a +2 hat (worn)
Jewellery
 e - a ring of willpower (left hand)
Scrolls
 i - a scroll of teleportation
Potions
 b - 4 potions of curing
 d - 2 potions of cancellation
 f - a potion of mutation {unknown}
 h - a potion of magic {unknown}
 j - a potion of attraction {unknown}

Dungeon Overview and Level Annotations

Branches:
Dungeon (5/15)             Temple (1/1) D:4

Altars:
Ashenzari
Cheibriados
Dithmenos
Elyvilon
Fedhas
Gozag
Hepliaklqana
Kikubaaqudgha
Makhleb
Nemelex Xobeh
Okawaru
Qazlal
Ru
Trog
Uskayaw
Vehumet
Wu Jian
Xom
Yredelemnul
The Shining One


Message History

You see here a +1 leather armour of positive energy.
Found a stone staircase leading down.
You now have 211 gold pieces (gained 11).
There is a stone staircase leading down here. 3 yaks come into view.
Found a stone staircase leading down.
3495 ||| RETREEEEATING.
3497 ||| RETREEEEATING.
The yak bellows! x3; You hear a bellow!
A yak comes into view.
3499 ||| RETREEEEATING.
3501 ||| RETREEEEATING.
You shoot an arrow. The arrow hits the yak!
The yak is moderately wounded.
The yak gores you!
You shoot an arrow. The arrow hits the yak!
The yak is heavily wounded.
The yak gores you!
You shoot an arrow.
The arrow hits the yak but does no damage.
The yak is heavily wounded.
The yak barely misses you.
You shoot an arrow. The arrow barely misses the yak.
The arrow hits the yak.
The yak is lightly wounded.
A yak comes into view.
The yak gores you.
3506 ||| READING 2 scrolls of teleportation.
As you read the scroll of teleportation, it crumbles to dust.
You feel strangely unstable.
You shoot an arrow. The arrow hits the yak.
The yak is lightly wounded.
You hear a bellow!
You shoot an arrow. The arrow hits the yak!
The yak is moderately wounded.
You hear a bellow!
The yak completely misses you.
You shoot an arrow. The arrow hits the yak!
The yak is heavily wounded.
The yak gores you!
You die...

.# #.#######..#
........#
##....#.# #####..
# # ######.# #>
....# .# ###..####
###.<.......YY.YY#
######.## #Y#
.......# #@#
....#### #.###
..#.# #...# #.#.##
###># .....# #.#
#.#..# #.#
#.#..######## #.#
#.#.......... #.#
#.#.######### #.#


You could see 3 yaks.

Vanquished Creatures
  A phantom (D:4)
  A howler monkey (D:4)
  A bombardier beetle (D:4)
  2 iguanas
  An adder (D:2)
  3 gnolls (D:4)
  3 dart slugs
  A ribbon worm (D:3)
  10 orcs
  10 endoplasms
  3 giant cockroaches
  4 goblins
  4 hobgoblins
  5 jackals
  4 quokkas
  5 ball pythons
  7 bats
  2 frilled lizards
  4 kobolds
  5 rats
76 creatures vanquished.

Notes
Turn   | Place    | Note
-------+----------+-------------------------------------------
     0 | D:1      | qw the Spriggan Hunter began the quest for the Orb.
     0 | D:1      | Reached XP level 1. HP: 10/10 MP: 2/2
     0 | D:1      | 0 ||| qw: Version: 0.3-a-155-g5e7d8dd
     0 | D:1      | 0 ||| qw: Game counter: 2138
     0 | D:1      | 0 ||| qw: Melee chars always use a shield: true
     0 | D:1      | 0 ||| qw: God list: Okawaru
     0 | D:1      | 0 ||| qw: Allow faded altars: false
     0 | D:1      | 0 ||| qw: Do Orc after clearing Dungeon:15 true
     0 | D:1      | 0 ||| qw: Do second Lair branch before Depths: true
     0 | D:1      | 0 ||| qw: Lair rune preference: random
     0 | D:1      | 0 ||| qw: Goals: Normal
     0 | D:1      | 0 ||| PLANNING D:1-11
    28 | D:1      | Reached skill level 3 in Dodging
   267 | D:1      | Reached XP level 2. HP: 11/14 MP: 3/3
   664 | D:1      | 664 ||| READING scroll labelled IDYCLE ZEEW.
   669 | D:1      | 669 ||| READING scroll labelled WEFFEQ NUATI.
   669 | D:1      | 669 ||| IDENTIFYING pink potion
   670 | D:1      | 670 ||| READING scroll labelled OPINUL JUTT.
   671 | D:1      | 671 ||| DROPPING scroll of butterflies.
   796 | D:2      | Found a faded altar of an unknown god.
   814 | D:2      | 814 ||| DRINKING 2 golden potions.
   955 | D:2      | Reached XP level 3. HP: 18/18 MP: 4/4
  1507 | D:3      | 1507 ||| UPGRADING to +2 hat.
  1521 | D:3      | HP: 4/18 [poisoned by an orc]
  1903 | D:3      | Reached XP level 4. HP: 22/22 MP: 5/5
  2330 | D:3      | 2330 ||| READING scroll of identify.
  2330 | D:3      | 2330 ||| IDENTIFYING fuming amethyst potion
  2331 | D:3      | 2331 ||| READING scroll labelled KOMYESEASU.
  2331 | D:3      | 2331 ||| ENCHANTING +0 shortbow.
  2332 | D:3      | 2332 ||| READING scroll labelled YDIFFOP HUOKH.
  2333 | D:3      | 2333 ||| READING scroll labelled CELEUB FOUZXAXT.
  2334 | D:3      | 2334 ||| DROPPING potion of invisibility.
  2455 | D:4      | 2455 ||| READING scroll of enchant weapon.
  2455 | D:4      | 2455 ||| ENCHANTING +1 shortbow.
  2469 | D:4      | Noticed a phantom
  2475 | D:4      | Killed a phantom
  2476 | D:4      | Reached skill level 6 in Dodging
  2476 | D:4      | Reached XP level 5. HP: 25/25 MP: 6/6
  2577 | D:4      | Found a staircase to the Ecumenical Temple.
  2578 | D:4      | 2578 ||| PLANNING TEMPLE
  2586 | Temple   | Found a transporter.
  2586 | Temple   | Found a transporter.
  2586 | Temple   | Found a transporter.
  2586 | Temple   | Found a transporter.
  2586 | Temple   | Entered the Ecumenical Temple
  2587 | Temple   | 2587 ||| PLANNING D:1-11
  2595 | Temple   | 2595 ||| PLANNING OKAWARU WORSHIP
  2599 | Temple   | Became a worshipper of Warmaster Okawaru
  2600 | Temple   | 2600 ||| PLANNING D:1-11
  2807 | D:4      | 2807 ||| READING scroll of enchant weapon.
  2807 | D:4      | 2807 ||| ENCHANTING +2 shortbow.
  2949 | D:4      | Reached XP level 6. HP: 26/30 MP: 7/7
  2982 | D:4      | 2982 ||| READING scroll of enchant weapon.
  2982 | D:4      | 2982 ||| ENCHANTING +3 shortbow.
  2998 | D:4      | 2998 ||| READING scroll of enchant weapon.
  2998 | D:4      | 2998 ||| ENCHANTING +4 shortbow.
  3275 | D:4      | 3275 ||| UPGRADING to ring of willpower.
  3309 | D:5      | Entered Level 5 of the Dungeon
  3336 | D:5      | Found a bloodstained altar of Trog.
  3359 | D:5      | Reached skill level 6 in Ranged Weapons
  3494 | D:5      | Noticed a yak
  3494 | D:5      | Noticed a yak
  3494 | D:5      | Noticed a yak
  3495 | D:5      | 3495 ||| RETREEEEATING.
  3497 | D:5      | 3497 ||| RETREEEEATING.
  3498 | D:5      | Noticed a yak
  3499 | D:5      | 3499 ||| RETREEEEATING.
  3501 | D:5      | 3501 ||| RETREEEEATING.
  3505 | D:5      | Noticed a yak
  3505 | D:5      | HP: 3/30 [yak (5)]
  3506 | D:5      | 3506 ||| READING 2 scrolls of teleportation.
  3509 | D:5      | Slain by a yak

Levels and vault maps discovered:
D:1:      mushboom_english_gardens, layout_loops_ring, minmay_misc_feat_plants
D:2:      layout_basic, nicolae_ecumenical_lake_church
D:3:      layout_loops_corners, wad_orctagon
D:4:      layout_gridville, temple_hall
D:5:      layout_loops_ring, trog_book, minmay_misc_feat_enclosed
Temple:   hellmonk_temple_divided_pantheon

Skill      XL: |  1  2  3  4  5  6 |
---------------+-------------------+-----
Dodging        | 3 4 6 |  6.0
Ranged Weapons | 5 6 |  6.1
Fighting       | 2 |  2.0
Stealth        | |  1.5

Action                     |  1- 3 |  4- 6 || total
---------------------------+-------+-------++-------
   Fire: Shortbow          |   116 |    86 ||   202
    Use: Scroll            |     3 |     9 ||    12
         Potion            |     1 |       ||     1
 Armour: Robe              |     9 |    10 ||    19
  Dodge: Dodged            |    37 |    16 ||    53

Table legend:
 A = Non-vault XP
 B = Vault XP
 C = Vault XP percentage of total XP
 D = Non-vault monster count
 E = Vault monster count
 F = Vault count percentage of total count
                 A         B        C        D         E       F
            +---------+---------+-------+---------+---------+-------
      Total |     458 |      12 |   2.6 |      72 |       4 |   5.3
            +---------+---------+-------+---------+---------+-------
        D:1 |      27 |       0 |   0.0 |      17 |       0 |   0.0
        D:2 |      42 |       0 |   0.0 |      19 |       0 |   0.0
        D:3 |      25 |      12 |  32.4 |      11 |       4 |  26.7
        D:4 |     329 |       0 |   0.0 |      24 |       0 |   0.0
        D:5 |      35 |       0 |   0.0 |       1 |       0 |   0.0
            +---------+---------+-------+---------+---------+-------
